Cogmind - Beta 14 @@@ ROGUE MODE // 2024.12.20 @ 16:22:49 Player: abnormality Result: Destroyed self via exploding Nuclear Reactor Performance ------------- Evolutions (0) 0 Regions Visited (1) 200 Robots Destroyed (20) 100 Value Destroyed (455) 455 Prototype IDs (2) 40 Alien Tech Used (0) 0 Bonus (0) 0 TOTAL SCORE: 795 Bonus ------- None Cogmind --------- Core Integrity 0/250 Matter 265/300 Energy 79/100 System Corruption 0% Temperature Hot (260) Movement Core (150) Ox2 Location -10/Materials Parts ------- > --- POWER (1) -------- (None) > --- PROPULSION (2) --- (None) > --- UTILITY (2) ------ Small Storage Unit Seismic Detector > --- WEAPON (2) ------- Medium Laser > --- INVENTORY (8) ---- Ion Engine Light Ion Engine Aluminum Leg Aluminum Leg Peak State ------------ > --- POWER ------------ Ion Engine > --- PROPULSION ------- Aluminum Leg Aluminum Leg > --- UTILITY ---------- Small Storage Unit Seismic Detector > --- WEAPON ----------- EM Pulse Gun Assault Rifle > --- INVENTORY -------- Light Ion Engine Medium Laser [Rating: 7] Favorites ----------- Power Ion Engine Engine Ion Engine Propulsion Aluminum Leg Leg Aluminum Leg Utility Small Storage Unit Device Seismic Detector Storage Small Storage Unit Weapon EM Pulse Gun Energy Gun EM Pulse Gun Ballistic Gun Assault Rifle Launcher Grenade Launcher Build | -11 -10 ------- Run | Yrd Mat Slots Evolved . | . . Power . | . . Propulsion . | . . Utility . | . . Weapon . | . . Parts Attached 12 | 8 4 Power 1 | 1 . Engine 1 | 1 . Core . | . . Reactor . | . . Propulsion 2 | 2 . Treads . | . . Leg 2 | 2 . Wheel . | . . Hover . | . . Flight . | . . Utility 3 | 2 1 Device 2 | 1 1 Storage 1 | 1 . Processor . | . . Hackware . | . . Protection . | . . Artifact . | . . Weapon 6 | 3 3 Energy Gun 3 | 2 1 Energy Cannon . | . . Ballistic Gun 2 | 1 1 Ballistic Cannon . | . . Launcher 1 | . 1 Special Weapon . | . . Impact Weapon . | . . Slashing Weapon . | . . Piercing Weapon . | . . Special Melee Weapon . | . . Unidentified Prototypes . | . . Parts Lost 6 | . 6 Power 1 | . 1 Propulsion 2 | . 2 Utility . | . . Weapon 3 | . 3 Highest Loss Streak 5 | . 5 To Critical Strikes . | . . Average Slot Usage (%) 96 | . 96 Engine 13 | . 13 Leg 27 | . 27 Device 12 | . 12 Storage 14 | . 14 Energy Gun 15 | . 15 Launcher 11 | . 11 Peak Build Rating 7 | 7 7 Average Rating 5 | 4 6 On Entrance 3 | . 7 Naked Turns . | . . Heaviest Build 16 | 15 16 Greatest Support 20 | 20 20 Greatest Overweight (x) 1 | 1 . Average Overweight (x) . | . . Largest Inventory Capacity 8 | 8 8 Average Capacity 7 | 7 8 Most Carried 6 | 5 6 Average Carried 3 | 2 3 Final Capacity 8 | 8 8 Final Carried 4 | 2 4 Class Distribution -------------------- 100% | Mutant Dominant Class ---------------- Mutant | -10/Materials Resources | -11 -10 ----------- Run | Yrd Mat Matter Collected 397 | 318 79 Remotely . | . . Salvage Created 499 | 192 307 Parts 42 | 18 24 Haulers Intercepted . | . . Recyclers Shooed . | . . Parts Field Recycled . | . . Retrieved Matter . | . . Parts Self-Destructed . | . . Prevented . | . . Kills | -11 -10 ------- Run | Yrd Mat Combat Hostiles Destroyed 9 | . 9 Guns 3 | . 3 AOE 6 | . 6 Classes Destroyed 7 | 2 5 Builder 2 | . 2 Tunneler 6 | 6 . Recycler 1 | 1 . Operator 1 | . 1 Watcher 1 | . 1 Swarmer 1 | . 1 Grunt 8 | . 8 Best Kill Streak 5 | 2 5 Combat Bots Only 3 | . 3 Max Kills in Single Turn 3 | 1 3 Gunslinging . | . . Exploded 2 | . 2 Melee . | . . Uniques/NPCs Destroyed . | . . Combat | -11 -10 -------- Run | Yrd Mat Hostile Shots Fired 61 | . 61 Missed 15 | . 15 Damage Taken 822 | . 822 Core 251 | . 251 Absorbed by Shields . | . . Regen/Repaired (Parts) 3 | . 3 Core Remaining (%) 100 | 100 . Volleys Fired 52 | 21 31 Largest 2 | 2 2 Hottest 90 | 60 90 Shots Fired 80 | 32 48 Gun 73 | 32 41 Cannon . | . . Launcher 7 | . 7 Special . | . . Kinetic 24 | 21 3 Thermal 18 | . 18 Explosive 7 | . 7 Electromagnetic 31 | 11 20 Robot Hit Streak 5 | 4 5 Robot Miss Streak 6 | 6 3 Penetration Max . | . . Secondary Targets 1 | . 1 Max Gunslinging Chain 1 | . 1 Shots Hit Robots 23 | 15 8 Core Hits 24 | 7 17 Critical Kills . | . . Critical Parts Destroyed . | . . Critical Strikes . | . . Melee Attacks . | . . Impact . | . . Slashing . | . . Piercing . | . . Sneak Attacks . | . . Combat Hostiles . | . . Follow-up Attacks . | . . Damage Inflicted 1081 | 253 828 Guns 288 | 174 114 Cannons . | . . Explosions 793 | 79 714 Melee . | . . Ramming . | . . Kinetic 84 | 84 . Thermal 154 | 79 75 Explosive 676 | . 676 Electromagnetic 167 | 90 77 Impact . | . . Slashing . | . . Piercing . | . . Highest Corruption . | . . Average Corruption . | . . Corruption Purged . | . . Corruption Blocked . | . . Overload Shots . | . . Overflow Damage 32 | . 32 Projectiles . | . . Explosions 32 | . 32 Melee . | . . Knockbacks . | . . Impact . | . . Kinetic . | . . Secondary . | . . Self-Inflicted Damage 320 | . 320 Shots 5 | . 5 Rammed . | . . Targets Rammed . | . . Kicked . | . . Crushed . | . . Highest Temperature 260 | . 260 Average Temperature 98 | . 98 Received Heat Transfer 264 | . 264 Siege Activations . | . . Robots Corrupted . | . . Combat Hostiles . | . . Parts Fried . | . . Impact Corruptions . | . . Robots Melted . | . . Combat Hostiles . | . . Parts Melted 1 | 1 . Heat Transferred 211 | 50 161 Parts Sabotaged . | . . Parts Stolen . | . . Parts Stripped . | . . Power Chain Reactions 3 | 2 1 Alert | -11 -10 ------- Run | Yrd Mat Peak Influence 375 | 35 375 Initial 22 | . 22 Average 70 | 13 117 Maximum Alert Level 1 | . 1 Low Security (%) 86 | 100 75 Level 1 13 | . 24 Level 2 . | . . Level 3 . | . . Level 4 . | . . Level 5 . | . . High Security . | . . Max Security . | . . Squads Dispatched 3 | . 3 Investigation 1 | . 1 Extermination . | . . Reinforcement 2 | . 2 Assault . | . . Garrison . | . . Intercept . | . . Searches Triggered . | . . Construction Impeded . | . . Haulers Reinforced . | . . Active Scanning Responses . | . . Cargo Convoy Interrupts . | . . Stealth | -11 -10 --------- Run | Yrd Mat Distress Signals 3 | . 3 Communications Jammed . | . . Distress Signals . | . . Times Spotted 13 | . 13 Peak Tracking Total 5 | . 5 Tactical Retreats . | . . Traps | -11 -10 ------- Run | Yrd Mat Traps Triggered . | . . Indirectly . | . . Trap Hack Attempts . | . . Triggered . | . . Disarmed . | . . Reprogrammed . | . . Reused . | . . Traps Extracted . | . . Installed . | . . Triggered . | . . Machines | -11 -10 ---------- Run | Yrd Mat Machines Disabled 7 | . 7 Max in Single Turn 2 | . 2 Machines Repaired . | . . Machines Dismantled . | . . Machines Sabotaged . | . . Overloaded Fab Kills . | . . Hacking | -11 -10 --------- Run | Yrd Mat Machines Accessed 3 | . 3 Terminals 2 | . 2 Fabricators . | . . Repair Stations 1 | . 1 Recycling Units . | . . Scanalyzers . | . . Garrison Access . | . . Total Hacks 9 | . 9 Successful 3 | . 3 Failed 6 | . 6 Catastrophic 2 | . 2 Database Lockouts . | . . Manual . | . . Terminals 6 | . 6 Fabricators . | . . Repair Stations 3 | . 3 Recycling Units . | . . Scanalyzers . | . . Garrison Access . | . . Terminal Hacks 1 | . 1 Prototype ID Bank 1 | . 1 Fabricator Hacks . | . . Repair Station Hacks 2 | . 2 Scan Component 1 | . 1 Repair 1 | . 1 Recycling Unit Hacks . | . . Scanalyzer . | . . Garrison Access Hacks . | . . Unauthorized Hacks . | . . Terminals . | . . Fabricators . | . . Repair Stations . | . . Recycling Units . | . . Scanalyzers . | . . Garrison Access . | . . Data Cores Recovered . | . . Used . | . . Hacking Detections 2 | . 2 Full Trace Events 2 | . 2 Feedback Events . | . . Feedback Blocked . | . . Robot Schematics Acquired . | . . Robots Built . | . . Authchips . | . . Time . | . . Total Robot Build Rating . | . . Part Schematics Acquired . | . . Parts Built . | . . Authchips . | . . Time . | . . Total Part Build Rating . | . . Parts Repaired 1 | . 1 Time 26 | . 26 Parts Recycled . | . . Recycled Matter . | . . Retrieved Matter . | . . Retrieved Components . | . . Parts Scanalyzed . | . . Part Schematics Acquired . | . . Parts Damaged . | . . Bothacking | -11 -10 ------------ Run | Yrd Mat Used RIF Installer . | . . Robots Hacked . | . . Non-combat . | . . Combat . | . . Robot Hacks Applied . | . . Relay Couplers Released . | . . Fabnet Peak Effective % . | . . Robots Rewired . | . . Allies Hacked . | . . Hacks Repelled . | . . Allies | -11 -10 -------- Run | Yrd Mat Total Allies . | . . Largest Group . | . . Highest-Rated Group . | . . Highest-Rated Ally . | . . Total Orders . | . . Ally Attacks . | . . Total Damage . | . . Kills . | . . Allies Corrupted . | . . Allies Melted . | . . Intel | -11 -10 ------- Run | Yrd Mat Robot Analysis Total . | . . Derelict Logs Recovered . | . . Drone Launches . | . . Drone Recoveries . | . . Exploration | -11 -10 ------------- Run | Yrd Mat Turns Passed 707 | 323 384 Spaces Moved 314 | 152 162 Core 20 | 20 . Treads . | . . Legs 294 | 132 162 Wheels . | . . Hover . | . . Flight . | . . Fastest Speed 50 | 50 120 Average Speed 142 | 166 120 Slowest Speed 190 | 190 120 Overloaded Moves . | . . Propulsion Burnouts . | . . Robots Hopped . | . . Cave-ins Triggered . | . . Exploration Rate (%) 19 | 9 30 Regions Visited 1 Branch Regions . Pre-discovered Areas . | . . Known Exits Taken . | . . Unknown Exits Taken 1 | 1 . Scrap Searched . | . . Spaces Dug . | . . Terrain Destroyed 63 | 9 54 Melee . | . . Projectile . | . . AOE 63 | 9 54 Terrain Rammed . | . . Walls Destroyed . | . . Machines Disabled . | . . Actions | -11 -10 --------- Run | Yrd Mat Total 492 | 189 303 Wait 99 | . 99 Move 313 | 151 162 Hop . | . . Pick Up 15 | 9 6 Fast Attach . | . . Attach 10 | 7 3 Detach . | . . Swap 2 | 1 1 Drop 1 | . 1 Fire 52 | 21 31 Melee . | . . Ram . | . . Kick . | . . Crush . | . . Escape Stasis . | . . Rewire . | . . Trap . | . . Miscellaneous . | . . Route ------- -11/Scrapyard -10/Materials History --------- Turn | Location | Event 41 | -11/Scrapyard | Discovered new exit (range 15) 324 | -11/Scrapyard | Entered Materials 360 | -10/Materials | Build established: Mutant 382 | -10/Materials | Repaired Seismic Detector 708 | -10/Materials | Destroyed self via exploding Nuclear Reactor Last Messages --------------- 00653_ K-01 Serf collects debris. 00662_ K-01 Serf cleans the Nuclear Reactor. 00665_ K-01 Serf collects debris. 00665_ K-01 Serf cleans the Nuclear Reactor. 00668_ K-01 Serf collects debris. 00678_ EM Pulse Gun destroyed. 00689_ Ion Engine destroyed. 00692_ U-05 Engineer lays Concrete. 00693_ Aluminum Leg destroyed. 00694_ U-05 Engineer lays Concrete. 00706_ U-05 Engineer builds a Wall. 00707_ Aluminum Leg destroyed. 00708_ Nuclear Reactor explodes. 00708_ G-34 Mercenary destroyed. 00708_ Assault Rifle destroyed. 00708_ Destroyed Assault Rifle. 00708_ G-34 Mercenary destroyed. 00708_ Nuclear Reactor explodes. 00708_ Destroyed Wheel. 00708_ U-05 Engineer destroyed. Map ----- +----------------------------------------------------+ | ?????????????????????????????????????????????????? | | ?????????????????????????????????????????????????? | | ?????????????????????????????????????????????????? | | ?????????????????????????????????????????????????? | | ?????????????????????????????????????????????????? | | ?????????????????????????????????????????????????? | | ?????????????????????????????????????????????????? | | ?????????????????????????????????????????????????? | | ?????????????????????????????????????????????????? | | ?????????????????????????????????????????????????? | | ?????????????????????????????????????????????????? | | ?????????????????????????????????????????????????? | | ?????????????????????????????????????????????????? | | ?????????????????????????????????????????????????? | | ?????????????????????????????????????????????????? | | ?????????????????????????????????????????????????? | | ???????????????????????????????##????????????????? | | ??????????????????????????????? w??????????????? | | ??????????????????????????????? ""??????????????? | | ??????????????????????????????? ""??????????????? | | ?????????????????????########## """ #???????????? | | ????????????????????## k ????????????? | | ????????????????????# = """ #???????????? | | ????????????????????# [ %[ = """ #???#???????? | | ????????????????# # %= """ # ????? | | ????????????????# + @ ????? | | ????????????????# # """ ???? | | ????????????????# ??# """ =/ ???? | | ????????????????# ?# % "" % %= ??? | | ????????????????# # * [ ??? | | ????????????????# ##########; r ??? | | ????????????????# ??? | | ????????????????# u ??? | | ????????????##### u ??? | | ??????????? % #" ###### # ##???? | | ??????????? #"T#?####? ???? | | ??????????? ##??????? ""? ????? | | ??????????? ########???"???????? | | ??????????? """ # #???????????? | | ???????????? """ # #???????????? | | ??????????? # #???????????? | | ??????????? # ! #???????????? | | ??????????? # #???????????? | | ??????????? + #???????????? | | ??????????? # #???????????? | | ????????????+######## # #???????????? | | ????????????????????# ## #???????????? | | ???????????????????## #########+#???????????? | | ???????????????????# # # ############? | | ???????????????????## %= # # ## #? | +----------------------------------------------------+ Best States ------------- Heat Dissipation 25 Energy Generation 10 Energy Capacity 250 Matter Stores 300 Matter Capacity 300 Sight Range 16 Terrain Scan Density 10 Evasion (%) 55 Item Schematics ----------------- None Robot Schematics ------------------ None Fabricated ------------ Nothing Alien Tech Used ----------------- None Achievements -------------- None Challenges ------------ None Game ------ Seed DynamicScrapThermoblaster Manual? 0 Play Time 00:06:04 Cumulative 10.6 hours Start 2024.12.20 @ 16:17:30 End 2024.12.20 @ 16:22:49 Sessions 1 Manual Loads 0 Difficulty Rogue Special Mode None Game No. 58 Rogue 58 Adventurer 0 Explorer 0 Win Type - Total 0 Types 0/0/0/0/0/0/0/0/0 Lore% 10 Gallery% 16 Achievement% 19 Wizard Run 0 Options --------- Layout 0 ASCII 0 Keyboard 0 Movement Mouse Keybinds 0 Fullscreen 1 Font 18/SmallcapsGlow Map View 38x25 Zoom Use 100% Tactical HUD 1 Map Filters NONE Filters NONE Steam 1 RUN: aff5ef90-32cd-42a3-b2fa-8b23eaf740b5